 Dungeon Crawl Stone Soup version 0.27.1-34-g3ba077fa99 (webtiles) character file.

Game seed: 10179734755875449185

54 Descartes the Grasshopper (level 4, 0/33 HPs)
             Began as a Formicid Warper on Jan 13, 2022.
             Was a Follower of Okawaru.
             Slain by a sky beast (4 damage)
             ... on level 3 of the Dungeon.
             The game lasted 00:04:01 (3132 turns).

Descartes the Grasshopper (Formicid Warper)         Turns: 3132, Time: 00:04:02

Health: 0/33       AC:  9    Str: 17    XL:     4   Next: 12%
Magic:  7/7        EV:  7    Int: 12    God:    Okawaru [*.....]
Gold:   139        SH:  0    Dex: 10    Spells: 7/7 levels left

rFire    . . .     SeeInvis +   e - +1 whip (pain)
rCold    . . .     Faith    .   (no shield)
rNeg     . . .     Spirit   .   k - +0 chain mail
rPois    .         Reflect  .   (helmet unavailable)
rElec    .         Harm     .   (no cloak)
rCorr    .         Rampage  .   (no gloves)
Will     .....                  (no boots)
Stlth    ..........             (no amulet)
HPRegen  0.11/turn              (no ring)
MPRegen  0.10/turn              (no ring)

@: no status effects
A: permanent stasis, dig shafts and tunnels, antennae 3, four strong arms
a: Dig, Shaft Self, Renounce Religion, Heroism


You were on level 3 of the Dungeon.
You worshipped Okawaru.
Okawaru was aware of your devotion.
You visited 1 branch of the dungeon, and saw 3 of its levels.

You collected 139 gold pieces.

Inventory:

Hand Weapons
 a - a +0 mace
 e - a +1 whip of pain (weapon)
 f - a +3 dagger
Missiles
 b - 18 arrows
 c - 5 boomerangs of dispersal (quivered)
 i - 88 stones
 j - 17 poisoned darts
 l - 18 sling bullets
Armour
 k - a +0 chain mail (worn)
Scrolls
 g - 3 scrolls of identify {unknown}
Potions
 d - 2 potions of magic {unknown}
 h - 4 potions of curing {unknown}
 m - 2 potions of brilliance {unknown}
 n - a potion of haste {unknown}


   Skills:
 - Level 2.1 Fighting
 + Level 0.0 Short Blades
 - Level 2.0 Maces & Flails
 - Level 1.0 Throwing
 + Level 2.9 Armour
 - Level 1.7 Dodging
 - Level 2.1 Spellcasting
 + Level 3.5 Translocations


You had 7 spell levels left.
You didn't know any spells.
Your spell library contained the following spells:

 Spells                   Type           Power      Damage    Failure   Level
 Gell's Gravitas          Tloc           4%         N/A       95%         3
 Lesser Beckoning         Tloc           4%         N/A       95%         3
 Teleport Other           Tloc           9%         N/A       95%         3
 Manifold Assault         Tloc           9%         N/A       100%        5
 Blink                    Tloc           Unusable   N/A       N/A         2

Dungeon Overview and Level Annotations

Branches:
Dungeon (3/15)

Altars:
Okawaru
Qazlal


Innate Abilities, Weirdness & Mutations

You cannot be hasted, slowed, berserked, paralysed or teleported.
You can dig through walls and to a lower floor.
You have a pair of large antennae on your head. (SInv)
Your four strong arms can wield two-handed weapons with a shield.


Message History

You are too injured to fight recklessly!
You are too injured to fight recklessly!
You are too injured to fight recklessly!
You are too injured to fight recklessly!
You are too injured to fight recklessly!
You are too injured to fight recklessly!
You are too injured to fight recklessly!
You are too injured to fight recklessly!
You are too injured to fight recklessly!
You are too injured to fight recklessly!
You are too injured to fight recklessly!
You are too injured to fight recklessly!
You are too injured to fight recklessly!
You are too injured to fight recklessly!
You closely miss the sky beast.
The sky beast is severely wounded.
The frilled lizard bites you but does no damage.
The sky beast hits you but does no damage.
You hit the sky beast but do no damage.
The sky beast is severely wounded.
The sky beast hits you. The sky beast shocks you.
* * * LOW HITPOINT WARNING * * *
The frilled lizard bites you.
* * * LOW HITPOINT WARNING * * *
You closely miss the frilled lizard. The frilled lizard bites you.
* * * LOW HITPOINT WARNING * * *
Your chain mail prevents you from hitting the frilled lizard.
The frilled lizard bites you but does no damage.
You closely miss the frilled lizard.
The frilled lizard bites you but does no damage.
You whack the frilled lizard!
You kill the frilled lizard!
Okawaru accepts your kill.
You barely miss the sky beast.
The sky beast is severely wounded.
The sky beast barely misses you.
You hit the sky beast.
The sky beast is almost dead.
The sky beast hits you.
You die...

.# .#### ##.....
......#
###########......#
#.........#.......
#.........#.......
+........@Y.......
#.........#.......
#.....#####.......
#..<..# .......
#.....# .....≈≈
####### ####..§
§.≈ §§


You could see a sky beast.

Vanquished Creatures
  An adder (D:2)
  2 worms (D:2)
  2 dart slugs
  A ball python (D:2)
  2 endoplasms (D:1)
  A giant cockroach (D:1)
  6 goblins
  6 hobgoblins (D:1)
  A quokka (D:1)
  3 frilled lizards
  6 kobolds
  5 rats
36 creatures vanquished.

Vanquished Creatures (others)
  A plant (D:2)
1 creature vanquished.

Grand Total: 37 creatures vanquished

Notes
Turn   | Place    | Note
-------+----------+-------------------------------------------
     0 | D:1      | Descartes the Formicid Warper began the quest for the Orb.
     0 | D:1      | Reached XP level 1. HP: 16/16 MP: 3/3
   488 | D:1      | Reached XP level 2. HP: 19/22 MP: 5/5
   564 | D:1      | Reached skill level 3 in Translocations
  1141 | D:1      | HP: 1/22 [frozen (5)]
  1730 | D:1      | Reached XP level 3. HP: 8/27 MP: 6/6
  2599 | D:2      | Reached XP level 4. HP: 15/33 MP: 7/7
  2862 | D:2      | Found a faded altar of an unknown god.
  2890 | D:2      | Became a worshipper of Warmaster Okawaru
  2890 | D:2      | Reached * piety under Okawaru
  2989 | D:2      | Found a stormy altar of Qazlal.
  3114 | D:3      | Noticed a sky beast
  3132 | D:3      | Slain by a sky beast

Illustrated notes

Levels and vault maps discovered:
D:1:      shiori_arrival_maze, layout_loops_corners
D:2:      layout_rooms, shapermc_ecumenical_altar_acropolis, basic_altar
D:3:      layout_basic, lemuel_tele_altar, vehumet_crystals,
          nicolae_qazlal_general_emergency

Skill      XL: |  1  2 |
---------------+-------+-----
Translocations | 3 |  3.5
Armour         | 2 |  2.9
Fighting       | |  2.1
Maces & Flails | |  2.0
Throwing       | |  1.0
Dodging        | |  1.7
Spellcasting   | |  2.1

Action                   |  1- 3 |  4- 6 || total
-------------------------+-------+-------++-------
Melee: Whip              |   143 |    34 ||   177
       Mace              |     6 |       ||     6
Armor: Leather armour    |    16 |       ||    16
       Chain mail        |    20 |    18 ||    38
Dodge: Dodged            |    69 |     6 ||    75
